Map: Golden Wall LE

Players

redleaf

  • Race: Protoss Protoss
  • League: Platinum
  • Spawn Location: 5:00

Glitched - Winner!

  • Race: Zerg Zerg
  • League: Platinum
  • Spawn Location: 7:00

VOD

Have the link to the VOD?

Description

Time

  • Played on: May 5, 2020, 11:17 p.m.
  • Length: 10:36
Show
View Real Time Build Order
Export as new Build Order

redleaf Protoss 

Build Orders: 1 Gate Expand, Archon Immortal 

Get SALT Encoding   

  12  0:00  Probe  
  13  0:13  Probe  
  14  0:23  Pylon  
  14  0:25  Probe  
  15  0:41  Probe  
  16  0:49  Gateway  
  16  0:53  Probe (Chrono Boost)  
  17  1:00  Assimilator  
  18  1:05  Probe (Chrono Boost)  
  18  1:11  Probe (Chrono Boost)  
  19  1:24  Nexus  
  19  1:39  Probe  
  20  1:46  Cybernetics Core  
  20  1:51  Probe  
  21  2:00  Pylon  
  21  2:03  Probe  
  22  2:08  Gateway  
  22  2:15  Probe  
  22  2:19  Warp Gate (Chrono Boost)  
  23  2:23  Adept  
  23  2:28  Probe (Chrono Boost)  
  26  2:40  Probe (Chrono Boost)  
  28  2:45  Probe (Chrono Boost)  
  28  2:47  Probe (Chrono Boost)  
  29  2:51  Assimilator  
  29  2:55  Robotics Facility  
  29  2:57  Adept x2  
  33  3:00  Probe  
  34  3:08  Pylon  
  34  3:15  Pylon  
  34  3:16  Probe  
  35  3:23  Probe  
  36  3:28  Probe, Gateway  
  37  3:35  Probe (Chrono Boost)  
  37  3:40  Probe (Chrono Boost)  
  39  3:42  Twilight Council  
  39  3:43  Observer  
  39  3:48  Probe (Chrono Boost)  
  41  3:51  Assimilator  
  41  3:52  Probe (Chrono Boost)  
  42  3:55  Assimilator  
  42  3:59  Probe (Chrono Boost)  
  43  4:08  Probe  
  44  4:10  Observer  
  44  4:13  Stalker  
  44  4:16  Zealot  
  49  4:17  Probe  
  49  4:20  Probe  
  51  4:30  Probe (Chrono Boost), Sentry  
  51  4:31  Pylon  
  54  4:33  Probe (Chrono Boost)  
  54  4:37  Immortal  
  59  4:49  Probe (Chrono Boost)  
  59  4:50  Probe (Chrono Boost)  
  61  4:56  Pylon  
  61  4:58  Gateway  
  61  5:02  Templar Archives  
  61  5:04  Probe x2  
  63  5:11  Immortal  
  63  5:16  Probe x2  
  69  5:25  Zealot  
  69  5:28  Probe (Chrono Boost), Pylon  
  72  5:37  Sentry, Stalker  
  76  5:43  Probe (Chrono Boost)  
  77  5:55  Warp Prism  
  79  6:03  Probe  
  80  6:04  Stalker  
  80  6:07  Pylon  
  80  6:09  Nexus  
  82  6:12  Pylon  
  82  6:19  Zealot  
  82  6:22  Stalker  
  86  6:29  Forge  
  86  6:37  Pylon  
  86  6:39  Psionic Storm  
  86  6:46  High Templar x4  
  94  6:54  Gateway  
  94  6:55  Gateway  
  92  7:08  Immortal  
  96  7:15  Stalker x2  
  98  7:16  Pylon  
  98  7:17  Pylon  
  100  7:26  High Templar x2  
  104  7:31  Protoss Ground Weapons Level 1 (Chrono Boost)  
  104  7:32  Pylon  
  104  7:34  Pylon  
  104  7:41  Zealot x2  
  104  7:58  Zealot x3  
  103  7:59  Zealot  
  105  8:08  Stalker x2  
  109  8:18  Immortal  
  113  8:24  Gateway  
  113  8:26  Zealot  
  111  8:27  Gateway  
  111  8:30  Gateway  
  103  8:53  Archon  
  89  9:02  Pylon  
  89  9:04  Nexus  
  80  9:17  Stalker x5  
  80  9:18  Stalker  
  90  9:25  Warp Prism  
  90  9:26  Pylon x2  
  90  9:29  Pylon  
  92  9:35  High Templar x2  
  92  9:36  High Templar x2  
  98  9:39  Archon  
  98  9:40  Archon  
  72  10:02  High Templar x2  
  72  10:03  Zealot x3  
  76  10:08  Archon  
  70  10:17  High Templar  
  56  10:23  Zealot  
  56  10:24  Zealot x5  
Show
View Real Time Build Order
Export as new Build Order

Glitched Zerg - Winner!

Build Orders: Hatch First, Roach Hydra 

Get SALT Encoding   

  12  0:01  Drone  
  13  0:17  Overlord  
  13  0:18  Drone  
  14  0:36  Drone x2  
  16  0:44  Drone  
  17  0:57  Hatchery  
  17  1:03  Drone x2  
  18  1:12  Drone  
  18  1:17  Spawning Pool  
  18  1:24  Drone  
  19  1:33  Extractor  
  19  1:37  Drone  
  19  1:46  Drone  
  20  1:57  Drone  
  21  2:06  Overlord  
  21  2:09  Queen  
  21  2:14  Queen  
  25  2:16  Drone x2  
  25  2:21  Zergling x2  
  28  2:27  Zergling x2  
  29  2:43  Drone x3  
  32  2:53  Drone x2  
  34  3:08  Drone x2  
  34  3:11  Hatchery  
  34  3:12  Drone  
  36  3:19  Overlord  
  36  3:37  Drone x4, Roach Warren, Queen  
  36  3:38  Drone x3  
  36  3:40  Evolution Chamber  
  43  3:50  Drone  
  43  3:52  Overlord x3  
  44  4:07  Extractor  
  44  4:08  Overlord x2  
  44  4:09  Extractor  
  42  4:11  Zerg Missile Weapons Level 1  
  42  4:16  Roach  
  42  4:17  Roach x5  
  54  4:34  Lair  
  54  4:40  Drone x3  
  54  4:42  Drone x3  
  54  4:43  Drone  
  61  4:47  Drone x2  
  61  4:48  Drone x3  
  66  5:03  Drone x3  
  69  5:07  Drone x4  
  69  5:08  Drone  
  69  5:10  Overlord x3  
  74  5:27  Extractor  
  74  5:28  Drone x5  
  76  5:32  Queen  
  80  5:43  Drone x2, Extractor  
  80  5:44  Drone, Extractor  
  80  5:45  Drone x3  
  80  5:47  Drone  
  80  5:48  Drone x2  
  87  5:51  Glial Reconstitution  
  87  5:57  Hydralisk Den  
  86  6:04  Evolution Chamber  
  85  6:26  Hydralisk  
  85  6:27  Hydralisk x5  
  85  6:28  Hydralisk x4  
  85  6:31  Overlord x2, Grooved Spines  
  105  6:39  Overlord  
  104  6:40  Overlord x3  
  104  6:49  Hydralisk x6  
  104  6:50  Hydralisk x2  
  120  7:02  Hydralisk x4  
  128  7:12  Zerg Ground Armor Level 1  
  128  7:24  Hatchery  
  128  7:28  Hydralisk x6  
  139  7:42  Muscular Augments  
  139  7:48  Hydralisk x3, Roach x6  
  154  7:53  Hydralisk  
  154  7:58  Overlord x4  
  154  7:59  Overlord x2  
  154  8:07  Hydralisk  
  147  8:15  Hydralisk x4  
  147  8:16  Drone  
  153  8:23  Roach x2  
  152  8:34  Hydralisk x3  
  152  8:37  Hydralisk  
  152  8:38  Hydralisk  
  162  8:53  Hydralisk x2  
  162  8:54  Hydralisk x4  
  144  9:07  Roach x4  
  144  9:09  Queen  
  152  9:17  Hydralisk, Roach x3  
  154  9:24  Roach x2  
  154  9:43  Drone  
  154  9:44  Drone x8  
  154  9:45  Drone x2  
  165  9:52  Roach x2  
  171  9:53  Roach x2  
  171  9:56  Roach  
  155  10:04  Roach  
  155  10:05  Roach x3  
  155  10:10  Roach x2  
  155  10:13  Roach  
  155  10:14  Roach  
Tags
 
Add a new tag
Caveats
  • Supply blocks, unpowered buildings, or Contaminate may cause inaccurate times.
  • Supply counts are checked every 10 seconds.